 Dungeon Crawl Stone Soup version 0.23-a0-643-g9ccc95a (webtiles) character file.

28 Borgoz the Skirmisher (level 3, -3/33 HPs)
             Began as a Ghoul Abyssal Knight on Jan 1, 2019.
             Was a Follower of Lugonu.
             Slain by Terence
             ... wielding a +0 mace
              (5 damage)
             ... on level 2 of the Dungeon.
             The game lasted 00:01:20 (1049 turns).

Borgoz the Skirmisher (Ghoul Abyssal Knight)        Turns: 1049, Time: 00:01:20

Health: -3/33      AC:  3    Str: 15    XL:     3   Next: 14%
Magic:  3/3        EV: 11    Int:  7    God:    Lugonu [*.....]
Gold:   48         SH:  0    Dex:  9    Spells: 2/2 levels left

rFire    . . .     SeeInvis .     - Unarmed
rCold    + . .     Gourm    .   (no shield)
rNeg     + + +     Faith    .   a - +0 leather armour
rPois    ∞         Spirit   .   (no helmet)
rElec    .         Reflect  .   (no cloak)
rCorr    .         Harm     .   (no gloves)
MR       .....                  (no boots)
Stlth    +.........             (no amulet)
HPRegen  0.00/turn              (no ring)
MPRegen  0.08/turn              (no ring)

@: rotting
A: rotting body, claws 1, carnivore, cold resistance 1, negative energy
resistance 3, inhibited regeneration, torment resistance, unbreathing
a: Depart the Abyss, Renounce Religion


You were on level 2 of the Dungeon.
You worshipped Lugonu.
Lugonu was aware of your devotion.
You were not hungry.

You visited 1 branch of the dungeon, and saw 2 of its levels.
You visited the Abyss 1 time.

You collected 48 gold pieces.

Inventory:

Missiles
 h - a throwing net (quivered)
Armour
 a - a +0 leather armour (worn)
Scrolls
 c - a scroll of fear {unknown}
 d - 2 scrolls of remove curse {unknown}
 e - a scroll of enchant armour {unknown}
 j - a scroll of teleportation {unknown}
Potions
 f - a potion of heal wounds {unknown}
 g - a potion of lignification {unknown}
 i - a potion of curing {unknown}
Comestibles
 b - a ration


   Skills:
 * Level 3.7 Fighting
 + Level 2.0 Armour
 + Level 1.1 Dodging
 * Level 2.8 Unarmed Combat
 + Level 2.2 Invocations


You had 2 spell levels left.
You didn't know any spells.
Your spell library was empty.

Dungeon Overview and Level Annotations

Branches:
Dungeon (2/15)

Altars:

Annotations:
D:2 Terence


Innate Abilities, Weirdness & Mutations

Your body is rotting away.
You thrive on raw meat.
You are immune to poison.
You have sharp fingernails.
You are carnivorous and can eat meat at any time.
Your flesh is cold resistant. (rC+)
You are immune to negative energy. (rN+++)
You do not regenerate when monsters are visible.
You are immune to unholy pain and torment.
You can survive without breathing.


Message History

You scratch the bat.
The bat is severely wounded.
The bat barely misses you.
You scratch the bat.
You kill the bat!
Lugonu accepts your kill.
You barely miss Terence.
Terence is moderately wounded.
Terence hits you but does no damage.
You claw Terence!
Terence is severely wounded.
Terence completely misses you.
You scratch Terence.
Terence is severely wounded.
Terence hits you with a +0 mace.
* * * LOW HITPOINT WARNING * * *
You barely miss Terence.
Terence is severely wounded.
Terence hits you with a +0 mace.
You die...

######..... ..
#.......(...!...
##......$##.....##
#........gb.......
#.......)# .......
#.....g.## [......
##.?.(.### .......
#..?....g##.....#
.##
#.......r@@....#
..##
#$......####....#
#####..# ##.....##
##..###......#
##..!## ..........
#### #....?.#
#....... #.......
#....... #.......


You could see Terence, a goblin and a rat.

Vanquished Creatures
  A leopard gecko (D:1)
  A ball python (D:1)
  A giant cockroach (D:1)
  5 hobgoblins
  3 kobolds
  3 bats
  2 frilled lizards
  2 goblins (D:1)
  4 rats (D:1)
22 creatures vanquished.

Vanquished Creatures (others)
  A worm (D:2)
1 creature vanquished.

Grand Total: 23 creatures vanquished

Notes
Turn   | Place    | Note
-------+----------+-------------------------------------------
     0 | Abyss:1  | Borgoz the Ghoul Abyssal Knight began the quest for the
                  | Orb.
     0 | Abyss:1  | Reached XP level 1. HP: 19/19 MP: 1/1
   113 | Abyss:1  | Noticed a small abomination
   115 | D:1      | Escaped the Abyss
   222 | D:1      | Reached * piety under Lugonu
   225 | D:1      | Reached skill level 1 in Dodging
   303 | D:1      | Reached XP level 2. HP: 17/26 MP: 2/2
  1020 | D:2      | Reached XP level 3. HP: 19/33 MP: 3/3
  1023 | D:2      | Noticed Terence
  1049 | D:2      | Slain by Terence

Vault maps used:
D:1:      ebering_trefoil_twist
D:2:      first_ration, uniq_robin, uniq_terence

Skill      XL: |  1  2 |
---------------+-------+-----
Dodging        | 1 |  1.1
Armour         | 2 |  2.0
Fighting       | |  3.7
Unarmed Combat | |  2.8
Invocations    | |  2.2

Action                   || total
-------------------------++-------
Melee: Unarmed           ||   111
       Punch             ||     1
Invok: Depart the Abyss  ||     1
  Eat: Chunk             ||     1
Armor: Leather armour    ||    26
Dodge: Dodged            ||    63

Table legend:
 A = Non-vault XP
 B = Vault XP
 C = Vault XP percentage of total XP
 D = Non-vault monster count
 E = Vault monster count
 F = Vault count percentage of total count
                 A         B        C        D         E       F
            +---------+---------+-------+---------+---------+-------
      Total |      41 |       0 |   0.0 |      23 |       0 |   0.0
            +---------+---------+-------+---------+---------+-------
        D:1 |      30 |       0 |   0.0 |      18 |       0 |   0.0
        D:2 |      11 |       0 |   0.0 |       5 |       0 |   0.0
            +---------+---------+-------+---------+---------+-------
